Description

Pig beginner modified with helping comments

Build Order

Get SALT Encoding   

  14  0:18  Supply Depot  
  16  0:40  Barracks  
  16  0:50  Refinery  +Send SCV across the map
  19  1:28  Orbital Command  
  19  1:30  Barracks Reactor  
  19  1:43  Command Center  Natural expand
  20  2:05  Supply Depot  Finish the 1st base wall off
  24  2:33  Barracks  
  24  2:34  Barracks  
  26  2:37  Refinery  2nd gas
  31  3:34  Orbital Command  
  35  3:58  Bunker  ++Bunker if no Natural Scouted
  32  3:38  Barracks Tech Lab  
  32  3:39  Barracks Tech Lab  
  39  4:08  Stimpack  
  39  4:09  Combat Shield  Marine +Marauder Full Prod
  44  4:24  Factory  
  39  5:10  Starport  
  35  5:19  Factory Reactor  Swap off Reactor with Factory
  60  6:00  Barracks x2, Engineering Bay  
  78  6:20  Factory Tech Lab  
  65  6:00  Terran Infantry Weapons Level 1  
  68  6:15  Barracks Tech Lab, Barracks Reactor  
  88  6:34  Refinery x2  Take all gas on Natural
Spawning Tool Build Advisor. Get it on Overwolf

Go to:

Details

  • Created by: w0rmsnack
  • Published on: Aug 16, 2022
  • Modified on: Aug 22, 2022
  • Patch: 4.11.0
  • Difficulty: Easy
Show
View Real Time Build Order
Export as new Build Order

Comments (0)

There are no comments. Be the first!

Create an account to comment!